[Event "GER-ch Youth-U18w 2022"]
[Site "Willingen"]
[Date "2022.06.08"]
[Round "5.9"]
[White "Albayrak, Nese Pinar"]
[Black "Sokyrko, Sofiia"]
[Result "1-0"]
[ECO "C40"]
[WhiteElo "1683"]
[BlackElo "1368"]
[Annotator "NA RC COMBH"]
[PlyCount "125"]
[EventDate "2022.06.05"]
[EventType "swiss"]
[EventRounds "9"]
[EventCountry "GER"]
[SourceTitle "playchess.com"]
[Source "ChessBase"]
[SourceQuality "1"]
[TimeControl "40/4500+30:900+30"]

1. e4 e5 2. Nf3 d5 3. exd5 e4 4. Qe2 Nf6 5. Nc3 Be7 6. Nxe4 O-O 7. Nxf6+ Bxf6 8. d4 Re8 9. Be3 Qxd5 10. Qb5 Qd8 11. Be2 b6 12. Qd3 Nc6 13. c3 Ne7 14. O-O Bf5 15. Qd2 Nd5 16. Bd3 Nxe3 17. fxe3 Bxd3 18. Qxd3 Qe7 19. Rae1 Rad8 20. e4 g6 21. Re2 c5 22. e5 cxd4 23. cxd4 Bg7 24. Rfe1 Qe6 25. b3 Re7 26. Ng5 Qg4 27. Nf3 Rde8 28. Re4 Qd7 29. Qc4 b5 30. Qc3 f6 31. Qb2 fxe5 32. Nxe5 Qd5 33. R4e2 Rd8 34. Re4 Rf8 35. Qc3 Bxe5 36. Rxe5 Qf7 37. Qe3 Rc7 38. Qe2 a6 39. h3 Qf4 40. Re4 Qd6 41. Qd2 Rcf7 42. Qh6 Qg3 43. Re7 Qf4 44. Qxf4 Rxf4 45. Rd7 Rf2 46. Ree7 R8f7 47. Rxf7 Rxf7 48. Rxf7 Kxf7 49. Kf2 Ke6 50. Ke3 Kd5 51. a3 a5 52. h4 h5 53. Kd3 Kd6 54. Ke4 Ke6 55. d5+ Kd6 56. Kd4 b4 57. a4 Kd7 58. Ke5 Ke7 59. d6+ Kd7 60. Kd5 Kd8 61. Ke6 Ke8 62. d7+ Kd8 63. g3 1-0

[Event "GER-ch Youth-U18w 2022"]
[Site "Willingen"]
[Date "2022.06.08"]
[Round "5.10"]
[White "Wilmink, Anna"]
[Black "Kieckbusch, Lotta"]
[Result "1-0"]
[ECO "C20"]
[WhiteElo "1700"]
[BlackElo "1207"]
[Annotator "NA RC COMBH"]
[PlyCount "65"]
[EventDate "2022.06.05"]
[EventType "swiss"]
[EventRounds "9"]
[EventCountry "GER"]
[SourceTitle "playchess.com"]
[Source "ChessBase"]
[SourceQuality "1"]
[TimeControl "40/4500+30:900+30"]

1. e4 e5 2. g3 Nc6 3. Bg2 Nf6 4. Nc3 Bc5 5. Nge2 d6 6. O-O Bg4 7. Kh1 O-O 8. d3 Qd7 9. Bg5 Qe6 10. Nd5 Bxe2 11. Qxe2 Nd4 12. Qd1 Nxd5 13. exd5 Qf5 14. Bd2 Qd7 15. f4 f6 16. b4 Bb6 17. Be4 Nf5 18. Qg4 g6 19. Rae1 Rad8 20. c3 Nh6 21. Qh4 Nf5 22. Qh3 Ne7 23. f5 gxf5 24. Bxf5 Nxf5 25. Rxf5 Rf7 26. Qh5 Kf8 27. Ref1 Qe7 28. Bg5 e4 29. Bxf6 Rxf6 30. Rxf6+ Kg8 31. Rf7 Qxf7 32. Rxf7 exd3 33. Qxh7# 1-0

[Event "GER-ch Youth-U18w 2022"]
[Site "Willingen"]
[Date "2022.06.08"]
[Round "5.11"]
[White "Kosak, Karolina"]
[Black "Mueller, Sophie Charlotte"]
[Result "1/2-1/2"]
[ECO "C41"]
[WhiteElo "1471"]
[BlackElo "1509"]
[Annotator "NA RC COMBH"]
[PlyCount "65"]
[EventDate "2022.06.05"]
[EventType "swiss"]
[EventRounds "9"]
[EventCountry "GER"]
[SourceTitle "playchess.com"]
[Source "ChessBase"]
[SourceQuality "1"]
[TimeControl "40/4500+30:900+30"]

1. e4 e5 2. Nf3 d6 3. d4 exd4 4. Nxd4 Nf6 5. Nc3 Be7 6. Bc4 O-O 7. O-O Re8 8. Re1 c6 9. Bb3 b5 10. a3 a5 11. Bf4 Bf8 12. e5 dxe5 13. Rxe5 Bb7 14. Nf3 Nbd7 15. Rxe8 Qxe8 16. Ng5 Ne5 17. Bxe5 Qxe5 18. Nxf7 Qf4 19. g3 Qc7 20. Ng5+ Kh8 21. Ne6 Qb6 22. Nxf8 Rxf8 23. Qd6 Qxf2+ 24. Kxf2 Ne4+ 25. Ke2 Nxd6 26. Rd1 Ne8 27. Rd7 Bc8 28. Rf7 Rxf7 29. Bxf7 Nd6 30. Bb3 a4 31. Ba2 Bf5 32. Kd2 g5 33. b3 1/2-1/2

[Event "GER-ch Youth-U18w 2022"]
[Site "Willingen"]
[Date "2022.06.08"]
[Round "6.1"]
[White "Dietz, Kristin"]
[Black "Bardorz, Jana"]
[Result "0-1"]
[ECO "C77"]
[WhiteElo "1707"]
[BlackElo "1974"]
[Annotator "TA"]
[PlyCount "120"]
[EventDate "2022.06.05"]
[EventType "swiss"]
[EventRounds "9"]
[EventCountry "GER"]
[SourceTitle "playchess.com"]
[Source "ChessBase"]
[SourceQuality "1"]
[TimeControl "40/4500+30:900+30"]

1. e4 e5 2. Nf3 Nc6 3. Bb5 a6 4. Ba4 Nf6 5. d4 exd4 6. O-O Be7 7. Re1 O-O 8. e5 Nd5 9. c3 {[%emt 0:00:00] 9.Bb3 gains popularity.} Nb6 {[%emt 0:04:44] C84: Closed Ruy Lopez: Unusual White 6th moves.} 10. cxd4 Nxa4 11. Qxa4 d6 {[%emt 0:05:36] Black is slightly better.} 12. Bf4 {[%emt 0:05:49] [#]} dxe5 $146 ({Predecessor:} 12... Bf5 13. a3 dxe5 14. dxe5 Bc5 15. Bg5 Qd7 16. Nc3 Nd4 17. Nxd4 Qxa4 18. Nxa4 Bxd4 {½-½ (43) Ivanenko,O (2001)-Goroshkova,L (1977) Lubin 2009}) 13. dxe5 {[%emt 0:00:19] [#]} Bg4 (13... Nb4 $1 $17 {...b5 is the strong threat.} 14. Re2 b5) 14. Nbd2 Qd3 15. Rad1 Qg6 {[%emt 0:00:53] Black is more active.} 16. Bg3 Rad8 ({Black should try} 16... Bb4 $17 {aiming for ...b5.} 17. a3 Bxf3 18. gxf3 b5) 17. h3 $15 Bf5 {[%emt 0:01:14] Hoping for ...Bc2.} 18. Nb3 Bb4 19. Nbd4 {[%emt 0:08:04][%mdl 8192] Prevents Bc2. Now White is beyond hope.} Bxe1 {[%emt 0:08:24] This bishop pair is nice.} 20. Nxc6 (20. Rxe1 $142 Nxd4 21. Nxd4) 20... Bxf2+ $19 ({Stronger than} 20... bxc6 21. Rxe1 Be6 22. Qxc6 $17) ({Wrong is} 20... Qxc6 $2 21. Qxc6 Bxf2+ 22. Kxf2 $19) 21. Kxf2 Qxc6 22. Qxc6 bxc6 23. Rc1 Be4 24. Ke3 Bd5 25. b3 Rfe8 26. Rc2 f6 27. Nd4 fxe5 28. Nxc6 Bxc6 29. Rxc6 {[%emt 0:00:04][%mdl 4096] Endgame KRR-KRB} Rd6 30. Rxc7 (30. Rc2 {might work better.}) 30... Rg6 31. Be1 Rxg2 32. a4 Rb2 33. Rb7 Re6 34. h4 h5 35. b4 Kh7 36. a5 Kg6 37. Rb6 (37. Bc3 $142 Rc2 38. Be1) 37... Kf5 38. Kd3 e4+ 39. Kd4 Rb1 40. Bc3 e3 (40... Rd1+ $142 41. Kc4 e3 42. Rxe6 Kxe6) 41. Rxe6 Kxe6 42. Kxe3 {[%emt 0:00:14] KR-KB} Kd5 {[%emt 0:00:00] Strongly threatening ...Rh1.} 43. Bxg7 Rxb4 {[%emt 0:00:00] Black mates.} 44. Bf6 Ke6 45. Bg5 Ra4 46. Bd8 Kd7 47. Bb6 Rxh4 48. Kf3 Ra4 49. Kg3 Ke6 50. Kh3 Kf5 51. Bd8 Rg4 52. Bc7 Ke4 53. Bd8 Kd5 54. Bb6 Kc6 55. Bf2 Kb5 56. Be1 Ra4 57. Bd2 Rxa5 58. Kh4 Ra2 59. Bf4 Ra4 60. Kg5 {[%emt 0:00:00] [#]} Rxf4 $1 {[%emt 0:00:00] Weighted Error Value: White=0.87/Black=0.15 (very precise)} 0-1

[Event "GER-ch Youth-U18w 2022"]
[Site "Willingen"]
[Date "2022.06.08"]
[Round "6.2"]
[White "Cheredzhiyska, Iva"]
[Black "Rudolph, Eva"]
[Result "0-1"]
[ECO "B40"]
[WhiteElo "1696"]
[BlackElo "1860"]
[Annotator "NA RC COMBH"]
[PlyCount "50"]
[EventDate "2022.06.05"]
[EventType "swiss"]
[EventRounds "9"]
[EventCountry "GER"]
[SourceTitle "playchess.com"]
[Source "ChessBase"]
[SourceQuality "1"]
[TimeControl "40/4500+30:900+30"]

1. e4 c5 2. Nf3 e6 3. c3 d5 4. exd5 exd5 5. d4 Nc6 6. Bb5 Bd6 7. O-O Nf6 8. Re1+ Be6 9. Ng5 O-O 10. Nxe6 fxe6 11. Bxc6 bxc6 12. Bg5 Qc7 13. h3 Bh2+ 14. Kh1 Ne4 15. Bh4 Nxf2+ 16. Bxf2 Rxf2 17. Qg4 Raf8 18. Qxe6+ Kh8 19. Na3 Qg3 20. Qg4 Qxg4 21. hxg4 Bg3 22. Kg1 R2f6 23. Red1 cxd4 24. cxd4 Bf2+ 25. Kh2 Rh6# 0-1

[Event "GER-ch Youth-U18w 2022"]
[Site "Willingen"]
[Date "2022.06.08"]
[Round "6.3"]
[White "Heutling, Elina"]
[Black "Falke, Ornella"]
[Result "1-0"]
[ECO "B90"]
[WhiteElo "1798"]
[BlackElo "1844"]
[Annotator "NA RC COMBH"]
[PlyCount "83"]
[EventDate "2022.06.05"]
[EventType "swiss"]
[EventRounds "9"]
[EventCountry "GER"]
[SourceTitle "playchess.com"]
[Source "ChessBase"]
[SourceQuality "1"]
[TimeControl "40/4500+30:900+30"]

1. e4 c5 2. Nf3 d6 3. d4 cxd4 4. Nxd4 Nf6 5. Nc3 a6 6. Be3 e5 7. Nb3 Be7 8. h3 Be6 9. f4 exf4 10. Bxf4 Nc6 11. Qd2 b5 12. Bd3 Rc8 13. O-O O-O 14. a4 b4 15. Nd5 Ne5 16. Bxe5 dxe5 17. Nxf6+ Bxf6 18. Qe2 a5 19. Rad1 Be7 20. Kh1 Qc7 21. Nd2 Rcd8 22. b3 Bc5 23. Bc4 Bc8 24. Nf3 h6 25. Nh4 Rxd1 26. Qxd1 Kh7 27. Qf3 Qe7 28. Nf5 Qg5 29. Qg3 Bxf5 30. Qxe5 Bxe4 31. Qxe4+ f5 32. Qd5 Bb6 33. Bd3 Bc7 34. Qf3 g6 35. Re1 Qf6 36. Bc4 Qd6 37. g3 f4 38. Re6 Qd8 39. Bd3 Rf6 40. Qe4 fxg3 41. Re7+ Kg8 42. Re8+ 1-0

[Event "GER-ch Youth-U18w 2022"]
[Site "Willingen"]
[Date "2022.06.08"]
[Round "6.4"]
[White "Orlova, Alicia"]
[Black "Dartmann Aubanell, Catriona"]
[Result "0-1"]
[ECO "C00"]
[WhiteElo "1724"]
[BlackElo "1874"]
[Annotator "NA RC COMBH"]
[PlyCount "110"]
[EventDate "2022.06.05"]
[EventType "swiss"]
[EventRounds "9"]
[EventCountry "GER"]
[SourceTitle "playchess.com"]
[Source "ChessBase"]
[SourceQuality "1"]
[TimeControl "40/4500+30:900+30"]

1. e4 e6 2. d4 d5 3. Bd3 dxe4 4. Bxe4 Nf6 5. Bd3 c5 6. dxc5 Bxc5 7. Nf3 Nc6 8. O-O O-O 9. a3 e5 10. Nc3 Bg4 11. h3 Bh5 12. Bg5 Be7 13. Be2 Qb6 14. Be3 Qd8 15. Nh4 Bxe2 16. Nxe2 Qc7 17. c3 Rad8 18. Qc2 Nd5 19. Nf5 Nxe3 20. Nxe3 Bg5 21. Kh1 Qb6 22. Nd1 Na5 23. Qf5 Nb3 24. Qxg5 Nxa1 25. Qxe5 Rfe8 26. Qh5 Nb3 27. Ne3 Nd2 28. Re1 Ne4 29. Nd4 Nxf2+ 30. Kg1 Nd3 31. Rf1 Qg6 32. Qf3 Ne5 33. Qxb7 Rd7 34. Qb3 Nc6 35. Qb5 Rc7 36. Nd5 Rcc8 37. Qb7 Kh8 38. Nc7 Nxd4 39. Nxe8 Ne2+ 40. Kh1 Rxe8 41. Rd1 Nf4 42. Rd2 Qg3 ({Don't blunder} 42... Re1+ $2 43. Kh2 Re8 44. Qxa7 $19) 43. Qe7 (43. Qe4 {is the only way for White.} Rc8 44. Qd4) 43... Qe1+ 44. Qxe1 Rxe1+ 45. Kh2 g5 46. Rd7 $2 (46. g3 Ne6 47. Rd7) 46... Re2 47. Rxf7 Rxg2+ 48. Kh1 Rxb2 49. h4 $19 h6 50. hxg5 hxg5 51. Rxa7 g4 52. Ra4 Rf2 53. Rb4 g3 54. Rb1 g2+ 55. Kh2 Rf1 0-1

[Event "GER-ch Youth-U18w 2022"]
[Site "Willingen"]
[Date "2022.06.08"]
[Round "6.5"]
[White "Berghold, Lotta"]
[Black "Schneider, Katharina"]
[Result "1/2-1/2"]
[ECO "D02"]
[WhiteElo "1482"]
[BlackElo "1810"]
[Annotator "NA RC COMBH"]
[PlyCount "63"]
[EventDate "2022.06.05"]
[EventType "swiss"]
[EventRounds "9"]
[EventCountry "GER"]
[SourceTitle "playchess.com"]
[Source "ChessBase"]
[SourceQuality "1"]
[TimeControl "40/4500+30:900+30"]

1. d4 d5 2. Nf3 e6 3. g3 c5 4. Bg2 Nc6 5. dxc5 Bxc5 6. O-O Nf6 7. c4 O-O 8. Nc3 a6 9. Bg5 d4 10. Bxf6 Qxf6 11. Ne4 Qe7 12. Nxc5 Qxc5 13. Rc1 e5 14. a3 a5 15. Qa4 Bg4 16. h3 Bxf3 17. Bxf3 Rfb8 18. Qb5 Qd6 19. Rfd1 Qe6 20. Bg2 a4 21. Qd5 Qe8 22. Rd3 Ra5 23. Qe4 g6 24. Qh4 Kg7 25. g4 e4 26. Rd2 h6 27. c5 Qe5 28. g5 hxg5 29. Qxe4 Rxc5 30. Qxe5+ Rxe5 31. Bxc6 bxc6 32. Rxc6 1/2-1/2

[Event "GER-ch Youth-U18w 2022"]
[Site "Willingen"]
[Date "2022.06.08"]
[Round "6.6"]
[White "Albayrak, Nese Pinar"]
[Black "Kroemer, Paulina"]
[Result "0-1"]
[ECO "B32"]
[WhiteElo "1683"]
[BlackElo "1583"]
[Annotator "NA RC COMBH"]
[PlyCount "114"]
[EventDate "2022.06.05"]
[EventType "swiss"]
[EventRounds "9"]
[EventCountry "GER"]
[SourceTitle "playchess.com"]
[Source "ChessBase"]
[SourceQuality "1"]
[TimeControl "40/4500+30:900+30"]

1. e4 c5 2. Nf3 Nc6 3. d4 cxd4 4. Nxd4 Qb6 5. Nb3 Nf6 6. Nc3 e6 7. Qe2 Bb4 8. Bd2 O-O 9. a3 Be7 10. e5 Nd5 11. O-O-O a6 12. g4 Qc7 13. Nxd5 exd5 14. f4 d6 15. Bc3 dxe5 16. fxe5 Be6 17. h4 Rac8 18. g5 d4 19. Nxd4 Nxd4 20. Bxd4 Bg4 21. Qd2 Bxd1 22. Qxd1 Rfd8 23. c3 Bc5 24. Kb1 Qb6 25. Bh3 Rc7 26. Qa4 Bxd4 27. cxd4 Qxd4 28. Qxd4 Rxd4 29. h5 Re7 30. Rc1 Rd8 31. Re1 Rde8 32. e6 fxe6 33. g6 e5 34. Bf5 hxg6 35. hxg6 e4 36. Bg4 e3 37. Bd1 Re6 38. Bb3 Kf8 39. Bxe6 Rxe6 40. Kc2 Ke7 41. Kd1 e2+ 42. Kd2 Kf6 43. a4 Kxg6 44. Rg1+ Kf6 45. Ke1 g5 46. Rg3 Kf5 47. Rc3 Re7 48. Rc4 g4 49. Rc8 Kf4 50. Rg8 Re4 51. Rg7 g3 52. Rxb7 g2 53. Rg7 Kf3 54. b3 Rg4 55. Rf7+ Kg3 56. Kxe2 g1=Q 57. Rf3+ Kh4 0-1

[Event "GER-ch Youth-U18w 2022"]
[Site "Willingen"]
[Date "2022.06.08"]
[Round "6.7"]
[White "Yue, Qizhou"]
[Black "Goetten Wagner, Julia"]
[Result "1/2-1/2"]
[ECO "C48"]
[WhiteElo "1715"]
[BlackElo "1631"]
[Annotator "NA RC COMBH"]
[PlyCount "145"]
[EventDate "2022.06.05"]
[EventType "swiss"]
[EventRounds "9"]
[EventCountry "GER"]
[SourceTitle "playchess.com"]
[Source "ChessBase"]
[SourceQuality "1"]
[TimeControl "40/4500+30:900+30"]

1. e4 e5 2. Nf3 Nc6 3. Nc3 Nf6 4. Bb5 Bc5 5. O-O d6 6. d3 O-O 7. Bg5 Be6 8. Ba4 h6 9. Bh4 Nd4 10. Nxd4 Bxd4 11. Bb3 c6 12. Re1 g5 13. Bg3 Bg4 14. Qc1 Nh5 15. Ne2 Bxe2 16. Rxe2 Nxg3 17. hxg3 Kg7 18. c3 Bb6 19. Qd2 Qd7 20. d4 Rad8 21. Rd1 Qg4 22. Qd3 h5 23. Qf3 Qxf3 24. gxf3 exd4 25. cxd4 Rh8 26. Kg2 h4 27. d5 Rh6 28. Rh1 Rdh8 29. Ba4 h3+ 30. Kh2 cxd5 31. exd5 Rf6 32. f4 gxf4 33. gxf4 Rxf4 34. Rg1+ Kf6 35. Bd7 Bd4 36. Rg4 Be5 37. Rxf4+ Bxf4+ 38. Kh1 h2 39. Re4 Kg5 40. b3 Rd8 41. Re7 Kf6 42. Re4 Rxd7 43. Rxf4+ Ke5 44. Ra4 b6 45. Kxh2 Kxd5 46. Kg3 a5 47. Rc4 Re7 48. Kf3 f5 49. Rf4 Ke5 50. Ke3 Rc7 51. Rh4 b5 52. Kd3 Rc5 53. a3 Rd5+ 54. Kc3 Rd1 55. a4 bxa4 56. Rxa4 Rd5 57. f4+ Kf6 58. Kc4 Ke6 59. Ra2 Rc5+ 60. Kd4 Kd7 61. Rg2 Rb5 62. Kc4 Kc6 63. Kc3 Rb4 64. Ra2 Kb5 65. Rd2 Rxf4 66. Rxd6 Kc5 67. Ra6 Kb5 68. Rd6 Rf3+ 69. Kc2 Kc5 70. Ra6 Kb5 71. Rd6 a4 72. bxa4+ Kxa4 73. Rd3 1/2-1/2

[Event "GER-ch Youth-U18w 2022"]
[Site "Willingen"]
[Date "2022.06.08"]
[Round "6.8"]
[White "Wilmink, Anna"]
[Black "Gröschel, Karoline"]
[Result "1-0"]
[ECO "B43"]
[WhiteElo "1700"]
[BlackElo "1546"]
[Annotator "NA RC COMBH"]
[PlyCount "59"]
[EventDate "2022.06.05"]
[EventType "swiss"]
[EventRounds "9"]
[EventCountry "GER"]
[SourceTitle "playchess.com"]
[Source "ChessBase"]
[SourceQuality "1"]
[TimeControl "40/4500+30:900+30"]

1. e4 c5 2. Nf3 e6 3. d4 cxd4 4. Nxd4 a6 5. Nc3 b5 6. a3 Bb7 7. Bd3 Qc7 8. O-O Nf6 9. Kh1 d6 10. f4 Be7 11. Qe2 Nbd7 12. Bd2 O-O 13. Rae1 Nc5 14. Rf3 d5 15. e5 Nfe4 16. Bxe4 Nxe4 17. Nxe4 dxe4 18. Rh3 Rfd8 19. Qh5 h6 20. c3 Bf8 21. Ree3 Rac8 22. Kg1 Qb6 23. Reg3 g6 24. Be3 Kh7 25. Qg5 Rd7 26. Rxh6+ Kg8 27. Rgh3 Bg7 28. Qh4 f5 29. Rxg6 Qd8 30. Rg4 1-0

[Event "GER-ch Youth-U18w 2022"]
[Site "Willingen"]
[Date "2022.06.08"]
[Round "6.9"]
[White "Basovskiy, Jana"]
[Black "Jacoby, Angelina"]
[Result "1-0"]
[ECO "B01"]
[WhiteElo "1938"]
[BlackElo "1535"]
[Annotator "TA"]
[PlyCount "61"]
[EventDate "2022.06.05"]
[EventType "swiss"]
[EventRounds "9"]
[EventCountry "GER"]
[SourceTitle "playchess.com"]
[Source "ChessBase"]
[SourceQuality "1"]
[TimeControl "40/4500+30:900+30"]

1. e4 d5 2. exd5 Qxd5 3. Nc3 Qd8 4. d4 Nf6 5. Nf3 Bg4 6. h3 Bxf3 {[%emt 0:00:00] B01: Scandinavian Defence.} 7. Qxf3 c6 8. Be3 e6 {[%emt 0:00:00] White is slightly better.} 9. Bd3 Nbd7 10. O-O-O $1 Bb4 11. Ne2 O-O (11... Qa5 12. Kb1 Qd5 13. Qxd5 exd5 14. Bf4 O-O-O 15. Ng3 g6 16. c3 Ba5 17. Rhe1 Rde8 18. Nf1 Rxe1 19. Rxe1 {½-½ (49) Basovskiy,J (1760)-Jacoby,A (1630) Willingen 2020}) 12. g4 {[%emt 0:00:00] [#] White is more active.} Qa5 $146 {[%emt 0:10:05] [#]} ({Predecessor:} 12... Nd5 13. h4 Qc7 14. g5 Rae8 15. c4 Nxe3 16. fxe3 c5 17. a3 Ba5 18. Kb1 f5 19. gxf6 Nxf6 {1-0 (26) Kuznetsov,A (2419)-Mironov,V (2229) ICCF email 2011}) 13. Kb1 Bd6 (13... Nd5 $16 {is a better defense.}) 14. g5 (14. c4 $18) 14... Nd5 $2 {[%emt 0:01:33] Black cannot hold the game after this.} (14... Qd5 $14 15. Ng1 Qxf3 16. Nxf3 Nd5) 15. Qe4 $18 g6 {[%emt 0:00:36] [#]} 16. Bd2 Qd8 17. h4 {[%emt 0:01:32][%cal Bh3h4,Bh4h5][%mdl 32] Threatens to win with h5.} Qe7 (17... Re8 $142 18. h5 Nf8 19. hxg6 fxg6) 18. h5 f5 19. gxf6 N5xf6 20. Qg2 g5 21. Qxg5+ Qg7 22. Qh4 Kf7 $2 (22... Kh8 23. Rhg1 Qe7) 23. Rhg1 {[%emt 0:09:54] White is clearly winning.} Qh8 24. f4 {[%emt 0:02:41][%cal Bf2f4,Bf4f5][%mdl 32] aiming for f5.} Ke7 (24... Ke8 $142 25. f5 e5) 25. f5 e5 26. Bc3 Rg8 27. dxe5 Bxe5 28. Bxe5 Nxe5 29. Qb4+ Kf7 30. Qxb7+ Nfd7 {[%emt 0:01:09] [#]} 31. Bc4+ $1 {[%emt 0:00:13][%mdl 512] Weighted Error Value: White=0.18 (very precise) /Black=0.63} 1-0

[Event "GER-ch Youth-U18w 2022"]
[Site "Willingen"]
[Date "2022.06.08"]
[Round "6.10"]
[White "Kieckbusch, Lotta"]
[Black "Kosak, Karolina"]
[Result "1/2-1/2"]
[ECO "C45"]
[WhiteElo "1207"]
[BlackElo "1471"]
[Annotator "NA RC COMBH"]
[PlyCount "108"]
[EventDate "2022.06.05"]
[EventType "swiss"]
[EventRounds "9"]
[EventCountry "GER"]
[SourceTitle "playchess.com"]
[Source "ChessBase"]
[SourceQuality "1"]
[TimeControl "40/4500+30:900+30"]

1. e4 e5 2. Nf3 Nc6 3. d4 exd4 4. Nxd4 Bc5 5. Nb3 Bb6 6. Qe2 d6 7. Nc3 Qf6 8. f3 Nge7 9. Be3 Bd7 10. O-O-O O-O-O 11. Nd5 Nxd5 12. Rxd5 Ne5 13. Bxb6 axb6 14. Qd2 Be6 15. Rb5 Rd7 16. Qc3 Kb8 17. a4 d5 18. a5 Rd6 19. axb6 Rxb6 20. Rxb6 cxb6 21. Qb4 Qf4+ 22. Kb1 Nc6 23. Qxb6 dxe4 24. Nc5 Bc8 25. Bb5 Qd6 26. Nxe4 Qc7 27. Qxc7+ Kxc7 28. Rd1 f5 29. Ng5 h6 30. Nf7 Rf8 31. Bxc6 bxc6 32. Ne5 Re8 33. f4 g5 34. g3 h5 35. Ng6 gxf4 36. Nxf4 Rh8 37. Ng6 Rg8 38. Ne5 Rh8 39. Rd3 Ba6 40. Rc3 Rh6 41. Rf3 Rf6 42. Rf4 Be2 43. c3 Kd6 44. Nf3 Bxf3 45. Rxf3 Ke5 46. Rf4 Rh6 47. Kc2 Kf6 48. Kd3 Ke5 49. Kc4 h4 50. Rf3 hxg3 51. hxg3 Ke4 52. Rd3 Rg6 53. Rd4+ Ke5 54. Rd3 Ke4 1/2-1/2

[Event "GER-ch Youth-U18w 2022"]
[Site "Willingen"]
[Date "2022.06.08"]
[Round "6.11"]
[White "Sokyrko, Sofiia"]
[Black "Mueller, Sophie Charlotte"]
[Result "0-1"]
[ECO "C41"]
[WhiteElo "1368"]
[BlackElo "1509"]
[Annotator "NA RC COMBH"]
[PlyCount "24"]
[EventDate "2022.06.05"]
[EventType "swiss"]
[EventRounds "9"]
[EventCountry "GER"]
[SourceTitle "playchess.com"]
[Source "ChessBase"]
[SourceQuality "1"]
[TimeControl "40/4500+30:900+30"]

1. e4 e5 2. Nf3 d6 3. Bc4 Be7 4. d4 exd4 5. c3 Nf6 6. Qb3 O-O 7. e5 d5 8. exf6 dxc4 9. fxe7 Qxe7+ 10. Kd2 cxb3 11. axb3 dxc3+ 12. Nxc3 Rd8+ 0-1

[Event "GER-ch Youth-U18w 2022"]
[Site "Willingen"]
[Date "2022.06.09"]
[Round "7.1"]
[White "Bardorz, Jana"]
[Black "Heutling, Elina"]
[Result "1-0"]
[ECO "B01"]
[WhiteElo "1974"]
[BlackElo "1798"]
[Annotator "TA"]
[PlyCount "81"]
[EventDate "2022.06.05"]
[EventType "swiss"]
[EventRounds "9"]
[EventCountry "GER"]
[SourceTitle "playchess.com"]
[Source "ChessBase"]
[SourceQuality "1"]
[TimeControl "40/4500+30:900+30"]

1. e4 d5 2. exd5 Qxd5 3. Nc3 Qd8 4. d4 Nf6 5. Bc4 c6 6. Nf3 Bf5 7. O-O {[%emt 0:00:00] B01: Scandinavian Defence.} e6 8. Re1 (8. Nh4 $5 ) 8... Be7 9. Bf4 {[%emt 0:01:46] The position is equal.} O-O 10. Qd2 Nbd7 11. h3 Nb6 {[%emt 0:06:07] [#]} 12. Bf1 $146 ({Predecessor:} 12. Bd3 Bxd3 13. Qxd3 Nbd5 14. Bh2 h6 15. Ne4 Nxe4 16. Qxe4 Nf6 17. Qe2 {0-1 (57) Dominguez,P (1905)-Canizares Cuadra,P (2164) IECC email 2005}) 12... Nbd5 13. Bh2 (13. Nxd5 $11 cxd5 14. Bd3) 13... Nxc3 (13... Bb4 $5 14. Bd3 Qa5 $11) 14. bxc3 Qa5 15. Bd3 {[%emt 0:08:48] Against Ne4} Bxd3 16. Qxd3 c5 17. Reb1 {[%emt 0:05:07] [#]} (17. a4 $15 {was preferrable.}) 17... c4 ({Better is} 17... b6 $1 $17) 18. Qxc4 $15 Rfc8 19. Qb3 b6 (19... Qxc3 $11 20. Qxc3 (20. Qxb7 Nd5 $11) 20... Rxc3) 20. c4 $16 Ne4 21. Qd3 f5 22. Ne5 Bf6 {[%emt 0:11:45] [#]} 23. a4 (23. f3 $1 $16 Nd6 24. Re1) 23... Qc3 $2 (23... Qd2 $14) 24. Qxc3 $2 (24. f3 $18 Qxd3 25. cxd3) 24... Nxc3 $11 25. Re1 Bxe5 26. Rxe5 ({But not} 26. Bxe5 Rxc4 27. a5 b5 $15) 26... Rxc4 27. Rxe6 Kf7 28. Rae1 {[%emt 0:01:35] Threatens to win with Re7+.} Ne4 29. d5 {[%emt 0:00:31][%cal Bd4d5,Bd5d6][%mdl 32] aiming for f3.} Rxc2 (29... Rd8 $16) 30. f3 $18 Nf6 31. Re7+ Kg6 32. d6 a5 (32... Rd2 $142 33. Bf4 Rd5) 33. Rc7 (33. Rd1 $18) 33... Rd2 34. Ree7 $36 {[%emt 0:00:43][%mdl 2048] Keeping Black busy.} Rd1+ 35. Kf2 Re8 $2 (35... Nd5 $16) 36. Rxg7+ Kh5 37. Bf4 {[%emt 0:01:58] Active counter play!} h6 38. Rcf7 Re6 39. Re7 (39. d7 $142 Rxd7 40. Rxf6 Rxf6 41. Rxd7) 39... Rxe7 40. dxe7 Rb1 41. Be5 {[%emt 0:00:00] Weighted Error Value: White=0.26 (precise) /Black=0.60} 1-0

[Event "GER-ch Youth-U18w 2022"]
[Site "Willingen"]
[Date "2022.06.09"]
[Round "7.2"]
[White "Rudolph, Eva"]
[Black "Dietz, Kristin"]
[Result "1-0"]
[ECO "B15"]
[WhiteElo "1860"]
[BlackElo "1707"]
[Annotator "NA RC COMBH"]
[PlyCount "88"]
[EventDate "2022.06.05"]
[EventType "swiss"]
[EventRounds "9"]
[EventCountry "GER"]
[SourceTitle "playchess.com"]
[Source "ChessBase"]
[SourceQuality "1"]
[TimeControl "40/4500+30:900+30"]

1. e4 c6 2. d4 d5 3. Nc3 dxe4 4. Nxe4 Nf6 5. Nxf6+ exf6 6. c3 Bd6 7. Bd3 O-O 8. Qc2 Re8+ 9. Ne2 h5 10. O-O h4 11. h3 Nd7 12. f4 Nf8 13. f5 Nh7 14. Nf4 Ng5 15. Nh5 Nh7 16. Qf2 Bxf5 17. Qxf5 g6 18. Nxf6+ Nxf6 19. Qxf6 Qxf6 20. Rxf6 Re1+ 21. Rf1 Rae8 22. Bg5 Rxa1 23. Rxa1 Bg3 24. Rf1 Kg7 25. Bf6+ Kh6 26. Bc4 g5 27. Be5 Bxe5 28. dxe5 Rxe5 29. Rf6+ Kg7 30. Rxf7+ Kg6 31. Rxb7 a5 32. Rc7 Rc5 33. Bb3 Kf5 34. Kf2 Rb5 35. Ke3 a4 36. Bxa4 Rxb2 37. Bxc6 Rxa2 38. Be4+ Kf6 39. Kd4 Rd2+ 40. Kc4 Rd1 41. Rg7 Rc1 42. Kb5 Re1 43. Bf3 Re5+ 44. Kb6 Re1 1-0

[Event "GER-ch Youth-U18w 2022"]
[Site "Willingen"]
[Date "2022.06.09"]
[Round "7.3"]
[White "Dartmann Aubanell, Catriona"]
[Black "Kroemer, Paulina"]
[Result "1-0"]
[ECO "B28"]
[WhiteElo "1874"]
[BlackElo "1583"]
[Annotator "NA RC COMBH"]
[PlyCount "79"]
[EventDate "2022.06.05"]
[EventType "swiss"]
[EventRounds "9"]
[EventCountry "GER"]
[SourceTitle "playchess.com"]
[Source "ChessBase"]
[SourceQuality "1"]
[TimeControl "40/4500+30:900+30"]

1. e4 c5 2. Nf3 a6 3. c3 d5 4. exd5 Qxd5 5. d4 Nf6 6. h3 cxd4 7. cxd4 e6 8. Nc3 Qd8 9. Bg5 h6 10. Bh4 Be7 11. Bd3 O-O 12. Ne5 Nbd7 13. O-O Nd5 14. Bxe7 Nxe7 15. Qf3 Nf6 16. Rfd1 Rb8 17. Ne4 Ned5 18. Ng4 Nxg4 19. hxg4 b6 20. Qg3 Bb7 21. g5 hxg5 22. Nxg5 Qf6 23. Nh7 Qh6 24. Nxf8 Rxf8 25. Be4 Nf4 26. Qf3 Bxe4 27. Qxe4 f5 28. Qf3 Rf6 29. g3 Nd5 30. Kg2 Rg6 31. Rh1 Qd2 32. Rh4 f4 33. Rah1 Ne3+ 34. Kh3 fxg3 35. Qxe3 g2 36. Rg1 Qc2 37. Rxg2 Qf5+ 38. Kh2 Rxg2+ 39. Kxg2 Qd5+ 40. Qe4 1-0